Map: El Dorado

Players

AJIoHzo

  • Race: Terran Terran
  • League: Platinum
  • Spawn Location: 5:00

Souv - Winner!

  • Race: Protoss Protoss
  • League: Master
  • Spawn Location: 7:00

VOD

Have the link to the VOD?

Description

Time

  • Played on: Feb. 27, 2025, 1:11 p.m.
  • Length: 16:20
Show
View Real Time Build Order
Export as new Build Order

AJIoHzo Terran 

Build Orders: Banshee Rush 

Get SALT Encoding   

  12  0:03  SCV  
  13  0:15  SCV  
  14  0:23  Supply Depot  
  14  0:27  SCV  
  15  0:33  Refinery  
  15  0:45  SCV  
  15  0:49  Barracks  
  16  1:05  SCV  
  16  1:07  Refinery  
  17  1:17  SCV  
  18  1:18  Supply Depot  
  18  1:29  SCV  
  19  1:45  Factory  
  19  1:50  Orbital Command  
  19  1:58  Barracks Reactor  
  19  2:16  SCV  
  20  2:28  SCV  
  21  2:30  Starport  
  21  2:35  Marine x2  
  23  2:39  Factory Tech Lab  
  23  2:40  SCV  
  24  2:52  Marine  
  24  2:53  Marine  
  24  2:54  SCV  
  27  2:58  Supply Depot  
  27  3:06  SCV  
  27  3:08  Factory Tech Lab  
  28  3:19  Cloaking Field  
  28  3:22  Command Center  
  28  3:28  Banshee  
  31  3:36  SCV  
  32  3:42  Barracks  
  32  3:43  Marine  
  32  3:45  Marine  
  34  3:53  Engineering Bay  
  34  4:00  Siege Tank  
  37  4:20  SCV  
  38  4:26  Supply Depot  
  38  4:32  Barracks Tech Lab  
  38  4:33  Marine x2  
  43  4:47  Orbital Command  
  43  4:49  Supply Depot  
  43  5:11  Orbital Command  
  43  5:20  SCV  
  38  5:23  Stimpack  
  38  5:31  Marauder  
  38  5:32  Marine x2  
  38  5:33  SCV  
  43  5:38  Bunker  
  43  5:41  SCV  
  44  5:45  SCV  
  44  5:47  Missile Turret  
  45  5:50  Marine x2  
  45  5:52  Marauder  
  45  5:53  SCV  
  51  5:57  SCV  
  51  5:59  Siege Tank  
  54  6:05  SCV  
  54  6:08  Marine x2  
  54  6:09  SCV  
  58  6:12  Barracks  
  58  6:14  Marauder  
  58  6:17  Starport Reactor, SCV  
  61  6:21  SCV  
  61  6:22  Missile Turret  
  62  6:25  Missile Turret  
  62  6:29  SCV  
  62  6:31  Siege Tank  
  66  6:33  SCV  
  66  6:34  Marine x2  
  66  6:36  Terran Infantry Armor Level 1  
  69  6:41  Engineering Bay, SCV  
  69  6:45  Supply Depot  
  70  7:03  Concussive Shells  
  70  7:06  SCV x2, Refinery  
  70  7:08  Supply Depot  
  72  7:11  Refinery  
  72  7:18  SCV x2  
  74  7:25  Marauder x2  
  74  7:29  Marine x2, Medivac x2  
  84  7:30  SCV x2  
  84  7:31  Supply Depot  
  84  7:33  Terran Infantry Weapons Level 1  
  86  7:38  Missile Turret  
  86  7:52  Armory, Marine x2  
  86  7:53  Marauder x2  
  92  7:58  Missile Turret  
  92  7:59  Missile Turret  
  92  8:06  Missile Turret  
  92  8:10  Medivac  
  94  8:17  Combat Shield  
  94  8:24  Supply Depot  
  94  8:28  Missile Turret  
  94  8:30  Supply Depot  
  94  8:41  Armory  
  94  8:45  Marine, Medivac  
  94  8:46  Supply Depot, Siege Tank, Marauder  
  102  8:51  Marine  
  102  8:52  Supply Depot, Marauder  
  105  8:56  Medivac  
  107  9:03  Marine  
  107  9:07  Marauder  
  107  9:09  Marine  
  111  9:13  Marauder  
  113  9:18  Siege Tank  
  116  9:25  Marine  
  116  9:27  Marine  
  116  9:29  Marauder  
  116  9:31  Medivac  
  122  9:32  Medivac  
  122  9:35  Marauder  
  126  10:02  Marine  
  126  10:04  Marine, Marauder  
  126  10:06  Siege Tank, Marauder  
  79  11:36  Marauder x2  
  79  11:37  Marine x2  
  85  11:40  Siege Tank  
  85  11:43  Viking x2  
  92  11:54  Terran Vehicle Weapons Level 1  
  92  11:55  Marine x2, Terran Infantry Weapons Level 2, Terran Vehicle And Ship Armor Level 1  
  92  11:57  Marauder  
  92  11:58  Marauder  
  98  12:12  Siege Tank  
  98  12:13  Marine x2, Viking x2  
  107  12:19  Marauder x2, Command Center  
  111  12:31  Marine x2  
  113  12:40  Marauder x2  
  113  12:43  Viking  
  119  12:45  Siege Tank  
  119  12:48  Marine  
  119  12:49  Marine  
  124  13:02  Marauder  
  124  13:03  Marauder  
  121  13:17  Siege Tank  
  124  13:23  Marauder  
  126  13:28  Supply Depot  
  126  13:30  Supply Depot, Marine x2, Terran Infantry Armor Level 2  
  126  13:31  Marauder  
  130  13:35  Viking x2  
  134  13:44  Marauder  
  134  13:48  Marine x2  
  136  13:49  Siege Tank  
  136  13:52  Marauder  
  139  14:06  Marine, Marauder  
  142  14:13  Marauder  
  142  14:15  Orbital Command  
  144  14:18  Command Center  
  144  14:21  Siege Tank, Refinery x2  
  59  15:07  Marauder x2  
  59  15:08  Marine x2  
  59  15:16  Siege Tank  
  57  15:25  Marine  
  57  15:26  Marine  
  55  15:29  Marauder x2  
  50  15:42  Medivac x2  
  51  15:50  Marauder x2  
Show
View Real Time Build Order
Export as new Build Order

Souv Protoss - Winner!

Build Orders: Chargelot Immortal 

Get SALT Encoding   

  12  0:00  Probe  
  13  0:12  Probe  
  14  0:18  Pylon  
  14  0:24  Probe  
  15  0:36  Probe, Gateway  
  16  0:45  Probe  
  16  0:47  Assimilator  
  17  0:57  Assimilator  
  17  0:58  Probe  
  18  1:10  Probe  
  19  1:21  Gateway  
  19  1:24  Cybernetics Core  
  19  1:29  Probe  
  20  1:41  Probe  
  21  1:53  Probe  
  22  2:00  Warp Gate  
  22  2:05  Probe  
  23  2:08  Pylon  
  23  2:17  Stalker  
  23  2:26  Probe  
  26  2:32  Nexus  
  26  2:36  Stalker  
  28  2:51  Pylon  
  28  2:53  Stalker  
  28  2:54  Probe  
  31  3:11  Robotics Facility  
  31  3:14  Probe  
  32  3:33  Probe  
  33  3:45  Probe  
  34  3:49  Twilight Council  
  34  3:50  Pylon  
  34  3:52  Probe  
  34  3:53  Immortal  
  35  3:56  Shield Battery  
  35  3:57  Probe  
  36  4:04  Probe  
  36  4:09  Probe  
  42  4:15  Stalker  
  42  4:16  Probe  
  45  4:21  Probe  
  45  4:22  Charge  
  46  4:24  Stalker  
  46  4:28  Probe  
  46  4:30  Observer  
  49  4:33  Probe  
  48  5:22  Observer  
  49  5:33  Forge  
  49  5:38  Stalker  
  49  5:39  Zealot  
  53  5:52  Probe  
  54  5:59  Probe  
  54  6:04  Probe, Assimilator  
  56  6:06  Immortal, Assimilator  
  56  6:07  Photon Cannon  
  56  6:12  Probe, Photon Cannon  
  61  6:21  Probe  
  62  6:27  Pylon  
  62  6:28  Pylon  
  62  6:42  Immortal  
  62  6:45  Probe x2  
  64  6:48  Stalker  
  70  6:57  Probe x2  
  70  7:09  Probe x2  
  70  7:15  Zealot x2  
  76  7:20  Protoss Ground Weapons Level 1  
  76  7:21  Probe  
  77  7:26  Gateway  
  77  7:28  Gateway  
  77  7:31  Gateway  
  77  7:33  Gateway, Probe, Pylon  
  77  7:36  Pylon  
  78  7:39  Pylon  
  78  7:56  Nexus  
  78  8:00  Robotics Bay  
  78  8:01  Probe x2  
  78  8:02  Robotics Facility  
  80  8:09  Stalker  
  82  8:13  Probe x2, Immortal, Stalker  
  86  8:26  Zealot x2  
  86  8:27  Zealot  
  96  8:40  Forge  
  97  8:41  Probe x2  
  97  8:48  Pylon  
  98  8:53  Probe  
  99  8:55  Colossus  
  99  8:57  Colossus  
  99  9:04  Extended Thermal Lance  
  99  9:08  Protoss Ground Armor Level 1  
  99  9:09  Probe  
  112  9:12  Pylon  
  112  9:13  Protoss Ground Weapons Level 2  
  112  9:14  Pylon  
  112  9:26  Probe x2  
  112  9:31  Probe  
  115  9:40  Zealot x2  
  115  9:41  Zealot  
  121  9:49  Colossus x2  
  120  9:58  Shield Battery  
  108  10:17  Zealot x5  
  93  10:46  Zealot  
  93  10:47  Zealot x4  
  93  10:48  Zealot  
  88  10:52  Colossus  
  80  10:57  Colossus  
  84  11:13  Zealot x4  
  86  11:25  Protoss Ground Armor Level 2  
  82  11:29  Zealot  
  82  11:30  Zealot  
  84  11:38  Probe x3  
  87  11:48  Stalker x3  
  87  11:49  Immortal  
  97  12:02  Stalker  
  97  12:05  Zealot  
  97  12:06  Zealot  
  103  12:09  Protoss Ground Weapons Level 3  
  103  12:13  Pylon  
  103  12:15  Pylon  
  103  12:16  Probe  
  103  12:17  Pylon  
  103  12:20  Assimilator  
  103  12:22  Assimilator  
  104  12:23  Probe  
  104  12:24  Probe  
  104  12:26  Immortal  
  110  12:38  Stalker  
  110  12:41  Stalker  
  110  12:44  Probe x3  
  115  12:50  Stalker  
  119  12:51  Stalker  
  97  13:11  Probe x2  
  97  13:12  Probe  
  100  13:20  Pylon  
  100  13:21  Pylon  
  100  13:23  Probe, Stalker x4  
  109  13:36  Zealot x2  
  109  13:41  Probe x3  
  101  14:37  Zealot  
  101  14:38  Zealot x5  
  52  15:26  Zealot x5  
  52  15:27  Zealot  
  62  15:47  Zealot x3  
  62  15:48  Zealot x3  
  68  16:17  Zealot x4  
  68  16:18  Zealot x2  
Tags
 
Add a new tag
Caveats
  • Supply blocks, unpowered buildings, or Contaminate may cause inaccurate times.
  • Supply counts are checked every 10 seconds.